 Dungeon Crawl Stone Soup version 0.31.0-32-g396128a36d (webtiles) character file.

Game seed: 4315489256757196712

46 Bamboolord the Twirler (level 3, -2/24 (28) HPs)
             Began as a Formicid Gladiator on Mar 14, 2024.
             Slain by Terence
             ... wielding a +2 flail of draining
              (5 damage)
             ... on level 2 of the Dungeon.
             The game lasted 00:01:15 (796 turns).

Bamboolord the Twirler (Formicid Gladiator)          Turns: 796, Time: 00:01:15

HP:   -2/24 (28)    AC:  3    Str: 20    XL:     3   Next: 95%
MP:   3/3           EV: 12    Int:  7    God:
Gold: 41            SH:  0    Dex: 15    Spells: 2/2 levels left

rFire   . . .        a - +1 quarterstaff
rCold   . . .        (no shield)
rNeg    . . .        b - +0 leather armour
rPois   .            (helmet unavailable)
rElec   .            (no cloak)
rCorr   .            (no gloves)
SInv    +            (no boots)
Will    .....        (no amulet)
Stlth   ++           (no ring)
HPRegen 0.24/turn    (no ring)
MPRegen 0.08/turn

%: no passive effects
@: heavily drained
A: permanent stasis, dig shafts and tunnels, antennae 3, four strong arms
a: Dig, Shaft Self


You were on level 2 of the Dungeon.
You visited 1 branch of the dungeon, and saw 2 of its levels.

You collected 41 gold pieces.

Inventory:

Hand Weapons
 a - a +1 quarterstaff (weapon)
Missiles
 c - 2 throwing nets
Armour
 b - a +0 leather armour (worn)
Scrolls
 j - a scroll of blinking {unknown}
Potions
 e - a potion of curing {unknown}
 f - a potion of might {unknown}
 h - a potion of ambrosia {unknown}


   Skills:
 + Level 2.8 Fighting
 + Level 3.3 Staves
 - Level 2.0 Throwing
 + Level 1.2 Armour
 - Level 2.6 Dodging
 * Level 2.5 Stealth


You had 2 spell levels left.
You didn't know any spells.
Your spell library was empty.

Dungeon Overview and Level Annotations

Branches:
Dungeon (2/15)

Altars:

Annotations:
D:2 Terence


Innate Abilities, Weirdness & Mutations

You cannot be hasted, slowed, berserked, paralysed or teleported.
You can dig through walls and to a lower floor.
You have a pair of large antennae on your head. (SInv)
Your four strong arms can wield two-handed weapons with a shield.


Message History

No target in view!
No target in view!
No target in view!
No target in view!
Terence the Incautious comes into view.
He is wielding a +2 flail of draining and wearing a +3 scale mail of cold resistance.
Terence is nearby!
Terence is nearby!
Throw: 3 throwing nets
Press: ? - help, Q - select action, (/) - cycle Shift-Dir - straight line, f - Terence
Aim: Terence, wielding a +2 flail of draining and wearing a +3 scale mail of cold resistance (61% to hit)
You throw a throwing net. The throwing net hits Terence.
Terence is caught in the net!
Terence struggles against the net.
Throw: javelin
Press: ? - help, Q - select action, (/) - cycle Shift-Dir - straight line, f/p - Terence
Aim: Terence, wielding a +2 flail of draining and wearing a +3 scale mail of cold resistance (entangled in a net, 93% to hit)
You throw a javelin.
The javelin pierces through Terence but does no damage.
Terence struggles against the net. x2
As you read the scroll labelled UGUSYAL GUPAWK, it crumbles to dust.
It is a scroll of identify.
i - a scroll of enchant weapon Terence struggles against the net.
Okay, then.
As you read the scroll of enchant weapon, it crumbles to dust.
Your +0 quarterstaff glows red for a moment.
Terence struggles against the net.
The net rips apart, and Terence comes free!
You hit Terence but do no damage.
Terence hits you with a +2 flail of draining.
You feel drained.
You barely miss Terence.
Terence hits you with a +2 flail of draining!
You feel drained.
You barely miss Terence.
Terence hits you with a +2 flail of draining!
* * * LOW HITPOINT WARNING * * *
You feel drained.
You die...
Terence says, "That felt goooood."

{ .#..####### #
.(....@@..# .#
.#..#####.###.###
.................
##..#####.....###
>...........# .
..#####.....#...
#.........
#....#....
##.###.....


You could see Terence.

Vanquished Creatures
  A gnoll (D:1)
  2 dart slugs (D:1)
  6 ball pythons
  4 endoplasms (D:1)
  A giant cockroach (D:1)
  6 goblins (D:1)
  3 hobgoblins
  A quokka (D:1)
  2 bats (D:1)
  3 frilled lizards (D:1)
  2 rats (D:1)
31 creatures vanquished.

Notes
Turn   | Place    | Note
-------+----------+-------------------------------------------
     0 | D:1      | Bamboolord the Formicid Gladiator began the quest for the
                  | Orb.
     0 | D:1      | Reached XP level 1. HP: 16/16 MP: 1/1
    38 | D:1      | Reached skill level 1 in Stealth
    38 | D:1      | Reached XP level 2. HP: 23/23 MP: 2/2
   205 | D:1      | Reached XP level 3. HP: 28/28 MP: 3/3
   243 | D:1      | Reached skill level 1 in Armour
   412 | D:1      | Found a faded altar of an unknown god.
   787 | D:2      | Noticed Terence
   796 | D:2      | Slain by Terence

Illustrated notes

Levels and vault maps discovered:
D:1:      ebering_hopf_link, layout_basic,
          dreamdust_ecumenical_altar_angels_and_demons,
          nicolae_kite_square_tiling_tiny, minmay_misc_feat_doors
D:2:      minmay_thinvault, layout_basic, nicolae_shop_vocational, uniq_terence

Skill      XL: |  1  2  3 |
---------------+----------+-----
Stealth        | 1 2 |  2.5
Armour         | 1 |  1.2
Fighting       | |  2.8
Staves         | |  3.3
Throwing       | |  2.0
Dodging        | |  2.6

Action                     || total
---------------------------++-------
  Melee: Quarterstaff      ||    66
         Punch             ||     1
  Throw: Javelin           ||     1
         Throwing net      ||     1
    Use: Scroll            ||     2
   Stab: Sleeping          ||     5
 Armour: Leather armour    ||    35
  Dodge: Dodged            ||    45
